| TOP OF THE 1ST |
|
Mobile BayBears batting - Pitching for Colorado (EL) Rockies : LHP Tris Ross
|
|
Pitching: LHP Tris Ross
|
|
|
Batting: RHB Andy Swaim
|
0-0: SINGLE (Groundball, 56D, EV 97.5 MPH)
|
|
Batting: RHB Katilimomi Kelekolio
|
0-0: Ball 1-0: Ball Andy Swaim steals 2nd, throwing error, E2 Andy Swaim to third 2-0: Ball 3-0: Base on Balls
|
|
Batting: SHB Salvador Aragon
|
0-0: Ball 1-0: Called Strike Katilimomi Kelekolio steals 2nd base 1-1: Ground out 6-3 (Groundball, 6, EV 88.8 MPH) Andy Swaim scores Katilimomi Kelekolio to third
|
|
Batting: RHB John Gray
|
0-0: Called Strike 0-1: Foul Ball, location: 2F 0-2: SINGLE (Groundball, 34D, EV 104.4 MPH) Katilimomi Kelekolio scores
|
|
Batting: LHB Steve Reinhart
|
0-0: Called Strike 0-1: Ball 1-1: Foul Ball, location: 2F 1-2: Foul Ball, location: 2F 1-2: Ball 2-2: Fly out, F6 (Popup, 15S, EV 89.4 MPH)
|
|
Batting: RHB Omar Arroyo
|
0-0: Ball 1-0: Swinging Strike 1-1: Called Strike 1-2: Strikes out swinging
|
| Top of the 1st over - 2 runs, 2 hits, 1 error, 1 left on base; Mobile 2 - Colorado (EL) 0 |
| BOTTOM OF THE 1ST |
|
Colorado (EL) Rockies batting - Pitching for Mobile BayBears : RHP Zach Wahlin
|
|
Pitching: RHP Zach Wahlin
|
|
|
Batting: RHB Kian-tat Chen
|
0-0: Foul Ball, location: 2F 0-1: Ball 1-1: Ball 2-1: Ground out 6-3 (Groundball, 6, EV 83.1 MPH)
|
|
Batting: SHB Jon Munoz
|
0-0: Foul Ball, location: 2F 0-1: Fly out, F8 (Flyball, 8RS, EV 88.8 MPH)
|
|
Pitching: RHP Jeremy Dobrowolski
|
|
|
Batting: LHB Dave Doughty
|
0-0: Ball 1-0: Ball 2-0: Called Strike 2-1: Ball 3-1: Reached on error, E6 (Groundball, 4MD, EV 94.4 MPH)
|
|
Batting: RHB Nick Rang
|
0-0: Ball 1-0: Ball 2-0: Called Strike 2-1: Called Strike 2-2: Strikes out swinging
|
| Bottom of the 1st over - 0 runs, 0 hits, 1 error, 1 left on base; Mobile 2 - Colorado (EL) 0 |
| TOP OF THE 2ND |
|
Mobile BayBears batting - Pitching for Colorado (EL) Rockies : LHP Tris Ross
|
|
Batting: LHB Bobby Arevalo
|
0-0: Ball 1-0: Swinging Strike 1-1: Foul Ball, location: 2F 1-2: Strikes out swinging
|
|
Batting: RHB Dustin Legault
|
0-0: Ball 1-0: Called Strike 1-1: Ground out 6-3 (Groundball, 6M, EV 83.8 MPH)
|
|
Batting: LHB Josh Gottlieb
|
0-0: Ball 1-0: Swinging Strike 1-1: Foul Ball, location: 2F 1-2: Fly out, F8 (Flyball, 8RM, EV 91.2 MPH)
|
| Top of the 2nd over - 0 runs, 0 hits, 0 errors, 0 left on base; Mobile 2 - Colorado (EL) 0 |
| BOTTOM OF THE 2ND |
|
Colorado (EL) Rockies batting - Pitching for Mobile BayBears : RHP Jeremy Dobrowolski
|
|
Batting: LHB Elijah Black
|
0-0: Called Strike 0-1: Ground out U3 (Groundball, 3, EV 78.1 MPH)
|
|
Batting: RHB Justin Pellman
|
0-0: Foul Ball, location: 2F 0-1: Ball 1-1: Foul Ball, location: 2F 1-2: Ball 2-2: Foul Ball, location: 2F 2-2: Fly out, F7 (Flyball, 7, EV 88.8 MPH)
|
|
Batting: RHB Matt Wheaton
|
0-0: Ball 1-0: Fly out, F6 (Line Drive, 6, EV 63.8 MPH)
|
| Bottom of the 2nd over - 0 runs, 0 hits, 0 errors, 0 left on base; Mobile 2 - Colorado (EL) 0 |
| TOP OF THE 3RD |
|
Mobile BayBears batting - Pitching for Colorado (EL) Rockies : LHP Tris Ross
|
|
Batting: RHB Andy Swaim
|
0-0: Called Strike 0-1: Ball 1-1: Foul Ball, location: 2F 1-2: Ball 2-2: Fly out, F7 (Line Drive, 7S, EV 89.4 MPH)
|
|
Batting: RHB Katilimomi Kelekolio
|
0-0: Ball 1-0: Ball 2-0: Called Strike 2-1: Foul Ball, location: 2F 2-2: Fly out, F4 (Popup, 4, EV 59.4 MPH)
|
|
Batting: SHB Salvador Aragon
|
0-0: Swinging Strike 0-1: Swinging Strike 0-2: Ball 1-2: Foul Ball, location: 2F 1-2: Ball 2-2: DOUBLE (Flyball, 8RXD, EV 103.1 MPH)
|
|
Batting: RHB John Gray
|
0-0: Ball 1-0: Called Strike 1-1: Foul Ball, location: 2F 1-2: Fly out, F8 (Line Drive, 8RD, EV 98.8 MPH)
|
| Top of the 3rd over - 0 runs, 1 hit, 0 errors, 1 left on base; Mobile 2 - Colorado (EL) 0 |
| BOTTOM OF THE 3RD |
|
Colorado (EL) Rockies batting - Pitching for Mobile BayBears : RHP Jeremy Dobrowolski
|
|
Batting: RHB Matt Fabre
|
0-0: Foul Ball, location: 2F 0-1: Hit by Pitch
|
|
Batting: RHB Jerry Edmiston
|
0-0: Ball 1-0: Ball Passed Ball! Matt Fabre to second 2-0: Called Strike 2-1: Ball 3-1: Base on Balls
|
|
Batting: RHB Kian-tat Chen
|
0-0: Called Strike 0-1: Foul Ball, location: 2F 0-2: Ball 1-2: Strikes out looking
|
|
Batting: SHB Jon Munoz
|
0-0: Called Strike 0-1: Ball 1-1: Ball 2-1: DOUBLE (Flyball, 8LXD, EV 100.0 MPH) Matt Fabre scores Jerry Edmiston to third
|
|
Batting: LHB Dave Doughty
|
0-0: Foul Ball, location: 2F 0-1: Ball 1-1: Called Strike 1-2: SINGLE (Groundball, 5L, EV 105.6 MPH) Jerry Edmiston scores Jon Munoz to third Runner from 3rd tries for Home, SAFE, throw by LF to home
|
|
Batting: RHB Nick Rang
|
0-0: Called Strike 0-1: Ball 1-1: SINGLE (Flyball, 4D, EV 91.9 MPH) Dave Doughty to second
|
|
Pitching: LHP Yorinobu Noguchi
|
|
|
Batting: LHB Elijah Black
|
0-0: Ball 1-0: Foul Ball, location: 2F 1-1: Called Strike 1-2: Strikes out swinging
|
|
Batting: RHB Justin Pellman
|
0-0: Ball Wild Pitch! Dave Doughty to third Nick Rang to second 1-0: Fly out, F7 (Flyball, 7, EV 73.1 MPH)
|
| Bottom of the 3rd over - 3 runs, 3 hits, 0 errors, 2 left on base; Mobile 2 - Colorado (EL) 3 |
| TOP OF THE 4TH |
|
Mobile BayBears batting - Pitching for Colorado (EL) Rockies : LHP Tris Ross
|
|
Batting: LHB Steve Reinhart
|
0-0: Called Strike 0-1: Called Strike 0-2: Ball 1-2: Ball 2-2: Strikes out swinging
|
|
Batting: RHB Omar Arroyo
|
0-0: SOLO HOME RUN (Flyball, 7D, EV 95.0 MPH), Distance : 350 ft
|
|
Batting: LHB Bobby Arevalo
|
0-0: Foul Ball, location: 2F 0-1: Called Strike 0-2: Ball 1-2: Foul Ball, location: 2F 1-2: Ball 2-2: Strikes out swinging, 2-3 out at first.
|
|
Batting: RHB Dustin Legault
|
0-0: Ball 1-0: Foul Ball, location: 2F 1-1: Foul Ball, location: 2F 1-2: Ball 2-2: Strikes out looking
|
| Top of the 4th over - 1 run, 1 hit, 0 errors, 0 left on base; Mobile 3 - Colorado (EL) 3 |
| BOTTOM OF THE 4TH |
|
Colorado (EL) Rockies batting - Pitching for Mobile BayBears : LHP Yorinobu Noguchi
|
|
Batting: RHB Matt Wheaton
|
0-0: Ball 1-0: Ball 2-0: Fly out, F8 (Flyball, 8RXD, EV 99.4 MPH)
|
|
Batting: RHB Matt Fabre
|
0-0: Called Strike 0-1: Fly out, F7 (Flyball, 7LS, EV 75.0 MPH)
|
|
Batting: RHB Jerry Edmiston
|
0-0: Ground out 5-3 (Groundball, 56S, EV 90.0 MPH)
|
| Bottom of the 4th over - 0 runs, 0 hits, 0 errors, 0 left on base; Mobile 3 - Colorado (EL) 3 |
| TOP OF THE 5TH |
|
Mobile BayBears batting - Pitching for Colorado (EL) Rockies : LHP Tris Ross
|
|
Batting: LHB Josh Gottlieb
|
0-0: Called Strike 0-1: Foul Ball, location: 2F 0-2: Ball 1-2: Ball 2-2: Ground out 4-3 (Groundball, 4, EV 83.8 MPH)
|
|
Batting: RHB Andy Swaim
|
0-0: Ball 1-0: Ball 2-0: Ball 3-0: Base on Balls
|
|
Batting: RHB Katilimomi Kelekolio
|
0-0: Called Strike 0-1: Ball 1-1: Ball 2-1: Ball 3-1: Base on Balls Andy Swaim to second
|
|
Batting: SHB Salvador Aragon
|
0-0: Called Strike Andy Swaim steals 3rd base (no throw) 0-1: Ball 1-1: Ball 2-1: Ball 3-1: DOUBLE (Flyball, 8RXD, EV 95.6 MPH) Andy Swaim scores Katilimomi Kelekolio to third
|
|
Batting: RHB John Gray
|
0-0: Fly out, F7 (Flyball, 7D, EV 77.5 MPH) Runner from 3rd tags up, SCORES, no throw by LF Salvador Aragon to third
|
|
Batting: LHB Steve Reinhart
|
0-0: Swinging Strike 0-1: Swinging Strike 0-2: Strikes out swinging
|
| Top of the 5th over - 2 runs, 1 hit, 0 errors, 1 left on base; Mobile 5 - Colorado (EL) 3 |
| BOTTOM OF THE 5TH |
|
Colorado (EL) Rockies batting - Pitching for Mobile BayBears : LHP Yorinobu Noguchi
|
|
Batting: RHB Kian-tat Chen
|
0-0: Called Strike 0-1: Swinging Strike 0-2: Ground out 6-3 (Groundball, 6, EV 87.5 MPH)
|
|
Batting: SHB Jon Munoz
|
0-0: Called Strike 0-1: Foul Ball, location: 2F 0-2: SINGLE (Groundball, 56S, EV 66.2 MPH) (infield hit)
|
|
Batting: LHB Dave Doughty
|
0-0: Ball Jon Munoz steals 2nd, throwing error, E2 Jon Munoz to third 1-0: Ball 2-0: Fly out, F9 (Line Drive, 9D, EV 87.5 MPH) Runner from 3rd tags up, SCORES, no throw by RF
|
|
Batting: RHB Nick Rang
|
0-0: Ball 1-0: Foul Ball, location: 2F 1-1: Foul Ball, location: 2F 1-2: Ball 2-2: Ball 3-2: Foul Ball, location: 2F 3-2: Fly out, F8 (Flyball, 8RM, EV 91.2 MPH)
|
| Bottom of the 5th over - 1 run, 1 hit, 1 error, 0 left on base; Mobile 5 - Colorado (EL) 4 |
| TOP OF THE 6TH |
|
Mobile BayBears batting - Pitching for Colorado (EL) Rockies : LHP Tris Ross
|
|
Batting: RHB Omar Arroyo
|
0-0: Ball 1-0: Ball 2-0: Foul Ball, location: 2F 2-1: Called Strike 2-2: Ball 3-2: Strikes out swinging
|
|
Batting: LHB Bobby Arevalo
|
0-0: Ball 1-0: Swinging Strike 1-1: Swinging Strike 1-2: Strikes out swinging
|
|
Batting: RHB Dustin Legault
|
0-0: Called Strike 0-1: Foul Ball, location: 2F 0-2: Ball 1-2: Ball 2-2: Strikes out looking
|
| Top of the 6th over - 0 runs, 0 hits, 0 errors, 0 left on base; Mobile 5 - Colorado (EL) 4 |
| BOTTOM OF THE 6TH |
|
Colorado (EL) Rockies batting - Pitching for Mobile BayBears : LHP Yorinobu Noguchi
|
|
Pitching: LHP Danny Kessel
|
|
|
Batting: LHB Elijah Black
|
0-0: Ball 1-0: Foul Ball, location: 2F 1-1: Ball 2-1: Ball 3-1: Foul Ball, location: 2F 3-2: Strikes out swinging
|
|
Pitching: RHP Mike Fritz
|
|
|
Batting: RHB Justin Pellman
|
0-0: Called Strike 0-1: Ball 1-1: Swinging Strike 1-2: Ground out 6-3 (Groundball, 6M, EV 95.6 MPH)
|
|
Batting: RHB Matt Wheaton
|
0-0: Ball 1-0: Ground out 5-3 (Groundball, 56S, EV 65.0 MPH)
|
| Bottom of the 6th over - 0 runs, 0 hits, 0 errors, 0 left on base; Mobile 5 - Colorado (EL) 4 |
| TOP OF THE 7TH |
|
Mobile BayBears batting - Pitching for Colorado (EL) Rockies : LHP Tris Ross
|
|
Pitching: LHP Rich Byrd
|
|
|
Batting: LHB Josh Gottlieb
|
0-0: Ball 1-0: Foul Ball, location: 2F 1-1: Called Strike 1-2: Reached on error, E5 (Line Drive, 5, EV 67.5 MPH)
|
|
Batting: RHB Andy Swaim
|
0-0: Ball 1-0: Sac Bunt to 23 - play at first, batter OUT! 3-4 Josh Gottlieb to second
|
|
Batting: RHB Katilimomi Kelekolio
|
0-0: Ball 1-0: Foul Ball, location: 2F 1-1: Foul Ball, location: 2F 1-2: Fly out, F8 (Line Drive, 8LD, EV 85.6 MPH)
|
|
Batting: SHB Salvador Aragon
|
0-0: Called Strike 0-1: Ball 1-1: Foul Ball, location: 2F 1-2: Strikes out swinging
|
| Top of the 7th over - 0 runs, 0 hits, 1 error, 1 left on base; Mobile 5 - Colorado (EL) 4 |
| BOTTOM OF THE 7TH |
|
Colorado (EL) Rockies batting - Pitching for Mobile BayBears : RHP Mike Fritz
|
|
Pitching: RHP Ruben Vazquez
|
|
|
Batting: RHB Matt Fabre
|
0-0: Called Strike 0-1: Ball 1-1: Ground out 6-3 (Groundball, 6, EV 90.0 MPH)
|
|
Batting: RHB Jerry Edmiston
|
0-0: Ball 1-0: Foul Ball, location: 2F 1-1: Fly out, F8 (Flyball, 78M, EV 83.1 MPH)
|
|
Batting: RHB Kian-tat Chen
|
0-0: Ball 1-0: Ball 2-0: Foul Ball, location: 2F 2-1: Ball 3-1: Foul Ball, location: 2F 3-2: Ground out 1-3 (Groundball, 34S, EV 66.9 MPH)
|
| Bottom of the 7th over - 0 runs, 0 hits, 0 errors, 0 left on base; Mobile 5 - Colorado (EL) 4 |
| TOP OF THE 8TH |
|
Mobile BayBears batting - Pitching for Colorado (EL) Rockies : LHP Rich Byrd
|
|
Pitching: LHP Jose Carmona
|
|
|
Batting: RHB John Gray
|
0-0: Ball 1-0: Ground out U3 (Groundball, 3, EV 89.4 MPH)
|
|
Batting: LHB Steve Reinhart
|
0-0: Ball 1-0: Foul Ball, location: 2F 1-1: Called Strike 1-2: Ball 2-2: Strikes out swinging
|
|
Batting: RHB Omar Arroyo
|
0-0: Ball 1-0: Called Strike 1-1: Called Strike 1-2: Strikes out swinging
|
| Top of the 8th over - 0 runs, 0 hits, 0 errors, 0 left on base; Mobile 5 - Colorado (EL) 4 |
| BOTTOM OF THE 8TH |
|
Colorado (EL) Rockies batting - Pitching for Mobile BayBears : RHP Ruben Vazquez
|
|
Batting: SHB Jon Munoz
|
0-0: Called Strike 0-1: DOUBLE (Line Drive, 7LS, EV 110.6 MPH)
|
|
Pitching: LHP Juan Perez
|
|
|
Pinch Hitting: RHB John Michener
|
0-0: Called Strike 0-1: Ball 1-1: Ball 2-1: Fly out, F7 (Flyball, 7, EV 81.9 MPH)
|
|
Batting: RHB Nick Rang
|
0-0: Ball 1-0: Ball 2-0: Called Strike 2-1: Ball 3-1: Base on Balls
|
|
Pinch Hitting: RHB Guillermo Veronese
|
0-0: Fly out, F8 (Flyball, 8RM, EV 90.6 MPH)
|
|
Batting: RHB Justin Pellman
|
0-0: Ball 1-0: Ball 2-0: Ground out 4-3 (Groundball, 4, EV 83.8 MPH)
|
| Bottom of the 8th over - 0 runs, 1 hit, 0 errors, 2 left on base; Mobile 5 - Colorado (EL) 4 |
| TOP OF THE 9TH |
|
Mobile BayBears batting - Pitching for Colorado (EL) Rockies : LHP Jose Carmona
|
|
Pitching: RHP Terry Huffmaster
|
|
|
Now at 3B: Guillermo Veronese
|
|
|
Now in RF: Eric Ludwig
|
|
|
Batting: LHB Bobby Arevalo
|
0-0: Ball 1-0: Swinging Strike 1-1: Ball 2-1: Foul Ball, location: 2F 2-2: Strikes out swinging
|
|
Batting: RHB Dustin Legault
|
0-0: Ball 1-0: Called Strike 1-1: Called Strike 1-2: Ball 2-2: Foul Ball, location: 2F 2-2: Fly out, F8 (Line Drive, 8LD, EV 98.1 MPH)
|
|
Batting: LHB Josh Gottlieb
|
0-0: Ball 1-0: Swinging Strike 1-1: Ball 2-1: Swinging Strike 2-2: Strikes out swinging
|
| Top of the 9th over - 0 runs, 0 hits, 0 errors, 0 left on base; Mobile 5 - Colorado (EL) 4 |
| BOTTOM OF THE 9TH |
|
Colorado (EL) Rockies batting - Pitching for Mobile BayBears : LHP Juan Perez
|
|
Pitching: RHP John Patterson
|
|
|
Batting: RHB Matt Wheaton
|
0-0: Ball 1-0: SOLO HOME RUN (Flyball, 78XD, EV 97.5 MPH), Distance : 386 ft
|
|
Batting: RHB Matt Fabre
|
0-0: Ball 1-0: Ball 2-0: Ball 3-0: Base on Balls
|
|
Batting: RHB Jerry Edmiston
|
0-0: Ball Matt Fabre steals 2nd base 1-0: Swinging Strike 1-1: Ball 2-1: Ball 3-1: Ground out 6-3 (Groundball, 6M, EV 80.6 MPH) Matt Fabre to third
|
|
Batting: RHB Kian-tat Chen
|
0-0: Called Strike 0-1: Ball 1-1: Fly out, F9 (Line Drive, 9D, EV 95.0 MPH) Runner from 3rd tags up, SCORES, no throw by RF
|
| Bottom of the 9th over - 2 runs, 1 hit, 0 errors, 0 left on base; Mobile 5 - Colorado (EL) 6 |
| |
|
Game Over ... Colorado (EL) defeats Mobile, 6 to 5
|
|
|